 Dungeon Crawl Stone Soup version 0.25-a0-578-gc91f01c39c (webtiles) character file.

Game seed: 18288498689761587, levelgen mode: deterministic

877 Apogee the Cleaver (level 7, -4/57 HPs)
             Began as a Minotaur Fighter on Mar 6, 2020.
             Slain by an ice beast (7 damage)
             ... on level 4 of the Dungeon.
             The game lasted 00:14:11 (3428 turns).

Apogee the Cleaver (Minotaur Fighter)               Turns: 3428, Time: 00:14:12

Health: -4/57      AC:  9    Str: 19 (22) XL:     7   Next: 75%
Magic:  6/6        EV:  9    Int:  3 (5)  God:
Gold:   288        SH:  0    Dex:  9 (10) Spells: 6/6 levels left

rFire    . . .     SeeInvis .   a - +0 hand axe
rCold    . . .     Gourm    .   (no shield)
rNeg     . . .     Faith    .   h - +0 scale mail
rPois    .         Spirit   .   (helmet restricted)
rElec    .         Reflect  .   r - +1 cloak
rCorr    .         Harm     .   (no gloves)
MR       .....                  (no boots)
Stlth    ..........             (no amulet)
HPRegen  0.19/turn              (no ring)
MPRegen  0.10/turn              (no ring)

@: very slightly contaminated, invisible
A: retaliatory headbutt, horns 2
a: no special abilities


You were on level 4 of the Dungeon.
You were not hungry.

You visited 1 branch of the dungeon, and saw 4 of its levels.

You collected 288 gold pieces.

Inventory:

Hand Weapons
 a - a +0 hand axe (weapon)
 b - a +0 hunting sling
 k - a +0 war axe
 u - a +0 shortbow
Missiles
 g - 42 arrows
 j - 122 stones (quivered)
Armour
 c - a +0 kite shield
 h - a +0 scale mail (worn)
 i - a +0 buckler
 r - a +1 cloak (worn)
 s - a scarf of repulsion
Jewellery
 m - an uncursed ring of fire
 x - an uncursed ring of poison resistance {unknown}
Wands
 w - a wand of enslavement (5)
Scrolls
 e - 3 scrolls of teleportation
 n - 2 scrolls of remove curse
 o - a scroll of fog {unknown}
Potions
 d - 2 potions of haste
 l - a potion of stabbing {unknown}
 p - a potion of brilliance
 q - a potion of invisibility
 t - 2 potions of degeneration
Comestibles
 f - 10 rations


   Skills:
 - Level 3.6 Fighting
 + Level 10.7 Axes
 - Level 3.6 Armour
 - Level 3.6 Shields


You had 6 spell levels left.
You didn't know any spells.
Your spell library was empty.

Dungeon Overview and Level Annotations

Branches:
Dungeon (4/15)
 Temple: D:4-7

Altars:
Fedhas
Xom
Zin


Innate Abilities, Weirdness & Mutations

You reflexively headbutt those who attack you in melee.
You have a pair of horns on your head.


Message History

The ice beast barely misses you.
You barely miss the ice beast. Your headbutt misses the ice beast.
The ice beast is moderately wounded.
The ice beast hits you.
* * * LOW HITPOINT WARNING * * *
The ice beast freezes you!
* * * LOW HITPOINT WARNING * * *
It was a potion of degeneration.
There was something very wrong with that liquid.
You feel weakened.
You feel dopey.
You feel clumsy. The ice beast barely misses you.
It was a potion of invisibility.
You fade into invisibility!
The ice beast closely misses you. You furiously retaliate!
You headbutt the ice beast.
You are very lightly contaminated with residual magic.
The ice beast hits you.
* * * LOW HITPOINT WARNING * * *
The ice beast freezes you!
You die...

.....#..+.._..'.#
.....#..###.###.# .....#..#
#.# #.# .....#..###'###.#
.....#..........#######
####'#................#
.....#................+
.....#.........Y......#
.....#..........@.....#
.....#................#
.....'.............^....
.....#..................
######.).......###############
#.........#....'.........
#.........รท....#.........
#.........#....#....>....
#.........#....#.........


You could see an ice beast.

Vanquished Creatures
  Grinder (D:4)
  A phantom (D:4)
  3 ogres (D:4)
  A centaur (D:3)
  A hound (D:4)
  3 worker ants
  7 adders
  An ooze (D:4)
  3 worms (D:3)
  A leopard gecko (D:4)
  5 orcs
  5 bats
  2 giant cockroaches (D:3)
  8 goblins
  8 hobgoblins
  6 quokkas
  4 frilled lizards
  7 kobolds
  8 rats
75 creatures vanquished.

Vanquished Creatures (others)
  A quokka skeleton (D:4)
1 creature vanquished.

Grand Total: 76 creatures vanquished

Notes
Turn   | Place    | Note
-------+----------+-------------------------------------------
     0 | D:1      | Apogee the Minotaur Fighter began the quest for the Orb.
     0 | D:1      | Reached XP level 1. HP: 19/19 MP: 0/0
    69 | D:1      | Reached skill level 3 in Axes
   257 | D:1      | Reached XP level 2. HP: 26/26 MP: 1/1
   681 | D:2      | Reached skill level 4 in Axes
   687 | D:2      | Reached XP level 3. HP: 16/31 MP: 2/2
  1676 | D:3      | Noticed a centaur
  1683 | D:3      | Killed a centaur
  1683 | D:3      | Reached skill level 6 in Axes
  1683 | D:3      | Reached XP level 4. HP: 21/39 MP: 3/3
  1748 | D:3      | Reached XP level 5. HP: 34/45 MP: 4/4
  2088 | D:3      | Reached skill level 7 in Axes
  2605 | D:4      | Noticed an ogre
  2613 | D:4      | Killed an ogre
  2613 | D:4      | Reached skill level 8 in Axes
  2613 | D:4      | Reached XP level 6. HP: 18/51 MP: 5/5
  2963 | D:4      | Noticed an angel
  2964 | D:4      | Found a glowing silver altar of Zin.
  2964 | D:4      | Found a shimmering altar of Xom.
  2965 | D:4      | Noticed Grinder
  2966 | D:4      | Paralysed by Grinder for 6 turns
  2996 | D:4      | Killed Grinder
  2996 | D:4      | Reached skill level 9 in Axes
  2996 | D:4      | Reached XP level 7. HP: 24/57 MP: 6/6
  3301 | D:4      | Found a blossoming altar of Fedhas.
  3328 | D:4      | Reached skill level 10 in Axes
  3409 | D:4      | HP: 2/57 [ice beast (12)]
  3428 | D:4      | Slain by an ice beast

Levels and vault maps discovered:
D:1:      lightli_arrival_flooded_house, layout_basic, minmay_close_crescents
D:2:      layout_loops_ring
D:3:      layout_loops_corners, first_ration, minmay_quantized
D:4:      layout_gridville, grunt_temple_overflow_order_and_chaos_1,
          lemuel_doored_altar, minmay_temple_entry_glassed_door, serial_shops,
          kennysheep_little_box, dk_xom_monty_hall, uniq_sigmund, uniq_grinder

Skill      XL: |  1  2  3  4  5  6  7 |
---------------+----------------------+-----
Axes           | 3 4 6 8 9 10 | 10.7
Fighting       | |  3.6
Armour         | |  3.6
Shields        | |  3.6

Action                   |  1- 3 |  4- 6 |  7- 9 || total
-------------------------+-------+-------+-------++-------
Melee: War axe           |   109 |    53 |       ||   162
       Headbutt          |    12 |    20 |     7 ||    39
       Hand axe          |       |    47 |    37 ||    84
Throw: Stone             |       |     6 |     2 ||     8
  Use: Scroll            |     5 |       |       ||     5
       Potion            |       |     1 |     2 ||     3
  Eat: Chunk             |     3 |     3 |     2 ||     8
Armor: Scale mail        |    64 |    28 |    10 ||   102
Dodge: Dodged            |    64 |    47 |     9 ||   120
Block: Kite shield       |     7 |       |       ||     7

Table legend:
 A = Non-vault XP
 B = Vault XP
 C = Vault XP percentage of total XP
 D = Non-vault monster count
 E = Vault monster count
 F = Vault count percentage of total count
                 A         B        C        D         E       F
            +---------+---------+-------+---------+---------+-------
      Total |     946 |     308 |  24.6 |      70 |       5 |   6.7
            +---------+---------+-------+---------+---------+-------
        D:1 |      26 |       1 |   3.7 |      15 |       1 |   6.2
        D:2 |      33 |       0 |   0.0 |      12 |       0 |   0.0
        D:3 |     270 |       7 |   2.5 |      30 |       3 |   9.1
        D:4 |     617 |     300 |  32.7 |      13 |       1 |   7.1
            +---------+---------+-------+---------+---------+-------
